 Dungeon Crawl Stone Soup version 0.30-a0-852-g08b95dd62f (webtiles) character file.

Game seed: 8484389087457150597

3 ragingrage the Sneak (level 1, -2/18 HPs)
             Began as a Demonspawn Delver on Mar 5, 2023.
             Slain by a hound (5 damage)
             ... on level 4 of the Dungeon.
             The game lasted 00:00:25 (77 turns).

ragingrage the Sneak (Demonspawn Delver)              Turns: 77, Time: 00:00:25

Health: -2/18      AC:  3    Str: 12    XL:     1   Next: 41%
Magic:  1/1        EV: 11    Int: 17    God:
Gold:   0          SH:  0    Dex: 14    Spells: 0/0 levels left

rFire   . . .      SeeInvis .    a - +0 falchion
rCold   . . .      Faith    .    (no shield)
rNeg    . . .      Spirit   .    b - +0 leather armour
rPois   .          Reflect  .    (no helmet)
rElec   .          Rampage  .    (no cloak)
rCorr   .                        (no gloves)
Will    .....                    (no boots)
Stlth   ++                       (no amulet)
HPRegen 0.23/turn                h - +6 ring of intelligence
MPRegen 0.07/turn                (no ring)

@: no status effects
A: no striking features
a: no special abilities


You were on level 4 of the Dungeon.
You visited 1 branch of the dungeon, and saw 2 of its levels.

Inventory:

Hand Weapons
 a - a +0 falchion (weapon)
Missiles
 i - a boomerang (quivered)
Armour
 b - a +0 leather armour (worn)
Jewellery
 h - a +6 ring of intelligence (left hand)
Wands
 g - a wand of digging (3)
Scrolls
 c - a scroll of fog
 d - a scroll of magic mapping
 e - a scroll of fear
Potions
 f - a potion of haste


   Skills:
 + Level 3.0 Fighting
 + Level 1.8 Long Blades
 + Level 1.8 Dodging
 + Level 4.5 Stealth


You couldn't memorise any spells.
You didn't know any spells.
Your spell library was empty.

Dungeon Overview and Level Annotations

Branches:
Dungeon (5/15)
 Temple: D:4-7

Altars:


Message History

There is a stone staircase leading down here.
There are monsters nearby!
Found a stone staircase leading down.
A hound comes into view.
The orc throws a boomerang.
The boomerang barely misses you.
The orc throws a boomerang.
The boomerang hits you.
The ball python hisses angrily.
You see here a +6 ring of intelligence.
h - a +6 ring of intelligence You feel clever.
h - a +6 ring of intelligence (left hand)
The ball python attacks as you move away!
The ball python barely misses you.
You hit the ball python. The ball python barely misses you. x2
You hit the ball python.
You kill the ball python!
You see here a ball python corpse.
You hit the orc. The orc barely misses you.
The orc hits you but does no damage.
You barely miss the orc. The orc barely misses you.
You hit the orc. The orc closely misses you.
You hit the orc.
You kill the orc!
Items here: ( ) [ †.
You see here a ball python corpse.
There are no objects that can be picked up here. a ball python corpse
Items here: ( ) [ †.
i - a boomerang An orc comes into view. It is wielding a +0 hand axe.
An orc comes into view. It is wielding a +0 hand axe.
You closely miss the hound. The hound barely misses you. The hound bites you.
You slash the hound! The hound bites you but does no damage.
The hound bites you.
You miss the hound. The hound barely misses you.
You closely miss the hound. The hound bites you. x2
You closely miss the hound. The hound bites you.
* * * LOW HITPOINT WARNING * * *
The hound bites you.
You die...

### ### #.###.###
### ##
####....†).###.##.#
#...........#.....##
....#..............#
...###.............#
....##..#......#@..#
....#...######.#h..#
....#..### ##.....##
.......#.# #..##...#
...[...>.###......##
.......#.#.......##
......#..........#
...................#
...................#


You could see a hound.

Vanquished Creatures
  An orc (D:4)
  A ball python (D:4)
2 creatures vanquished.

Notes
Turn   | Place    | Note
-------+----------+-------------------------------------------
     0 | D:5      | ragingrage the Demonspawn Delver began the quest for the
                  | Orb.
     0 | D:5      | Reached XP level 1. HP: 18/18 MP: 1/1
     6 | D:5      | Noticed a jelly
    18 | D:4      | Noticed a hound
    77 | D:4      | Slain by a hound

Illustrated notes

Levels and vault maps discovered:
D:4:      layout_cave_pools, lemuel_round_altar, xom_redecorated,
          gammafunk_ghost_abyssal_escape, uniq_menkaure
D:5:      layout_basic, fountainhead

Action                     || total
---------------------------++-------
  Melee: Falchion          ||    11
 Armour: Leather armour    ||     2
  Dodge: Dodged            ||     9

Table legend: (Time is in decaauts)
 A = Elapsed time spent in this place.
 B = Non-inter-level travel time spent in this place.
 C = Inter-level travel time spent in this place.
 D = Time resting spent in this place.
 E = Time spent auto-exploring this place.
 F = Levels seen in this place.
 G = Mean time per level.
                   A        B        C        D        E       F      G
               +--------+--------+--------+--------+--------+-----+--------+
         Total |     78 |     78 |      0 |      0 |      5 |   2 |   39.0 |
       Dungeon |     78 |     78 |      0 |      0 |      5 |   2 |   39.0 |
               +--------+--------+--------+--------+--------+-----+--------+

Top non-repeatable levels by time:
     D:4: 65 daAuts
     D:5: 13 daAuts
